 Dungeon Crawl Stone Soup version 0.27.1-3-gb3d3a73c9e (webtiles) character file.

Game seed: 18397740469252996761

15 Crownlay the Chopper (level 2, 26/26 HPs)
             Began as a Hill Orc Fighter on Oct 19, 2021.
             Was a Follower of Sif Muna.
             Quit the game on level 2 of the Dungeon.
             The game lasted 00:03:22 (427 turns).

Crownlay the Chopper (Hill Orc Fighter)              Turns: 427, Time: 00:03:22

Health: 26/26      AC:  6    Str: 18    XL:     2   Next: 50%
Magic:  2/2        EV:  9    Int:  8    God:    Sif Muna [*.....]
Gold:   0          SH:  0    Dex: 10    Spells: 1/1 levels left

rFire    . . .     SeeInvis .   a - +0 war axe
rCold    . . .     Faith    .   (no shield)
rNeg     . . .     Spirit   .   b - +0 scale mail
rPois    .         Reflect  .   (no helmet)
rElec    .         Harm     .   (no cloak)
rCorr    .         Rampage  .   (no gloves)
Will     .....                  (no boots)
Stlth    ..........             (no amulet)
HPRegen  0.08/turn              (no ring)
MPRegen  0.08/turn              (no ring)

@: no status effects
A: no striking features
a: Renounce Religion, Channel Magic


You were on level 2 of the Dungeon.
You worshipped Sif Muna.
Sif Muna was aware of your devotion.
You visited 1 branch of the dungeon, and saw 2 of its levels.

Inventory:

Hand Weapons
 a - a +0 war axe (weapon)
Armour
 b - a +0 scale mail (worn)
 c - a +0 kite shield
Scrolls
 f - 2 scrolls of identify {unknown}
Potions
 d - a potion of might
 e - a potion of degeneration {unknown}
 g - a potion of attraction {unknown}
 h - a potion of curing {unknown}


   Skills:
 - Level 3.6 Fighting
 + Level 4.1 Axes
 - Level 3.2 Armour
 - Level 3.2 Shields


You had one spell level left.
You didn't know any spells.
Your spell library was empty.

Dungeon Overview and Level Annotations

Branches:
Dungeon (2/15)

Altars:
Sif Muna


Message History

You hit the hobgoblin but do no damage.
The hobgoblin hits you but does no damage.
The hobgoblin closely misses you.
You hit the hobgoblin.
The hobgoblin is moderately wounded.
You hit the kobold. You closely miss the hobgoblin. The hobgoblin hits you.
The hobgoblin closely misses you. The kobold hits you but does no damage.
The hobgoblin hits you but does no damage.
The hobgoblin hits you. The kobold hits you with a +0 dagger.
You slash the hobgoblin!
You kill the hobgoblin!
You hit the kobold. You hit the hobgoblin.
You kill the hobgoblin!
The kobold hits you but does no damage.
Your Axes skill increases to level 4!
The kobold hits you but does no damage.
There is a faded altar of an unknown god here.
You hit the kobold.
You kill the kobold!
Things that are here:
a +0 dagger; a +0 dagger; a kobold corpse
There is a faded altar of an unknown god here.
g - a grey potion You see here a hobgoblin corpse.
There is a faded altar of an unknown god here.
A rat comes into view.
You slash the rat!
You kill the rat!
No target in view!
Found a scroll labelled FEOLIUMPIO.
h - a golden potion
f - 2 scrolls labelled FEOLIUMPIO (gained 1)
There is a stone staircase leading up here.
You see here a hobgoblin corpse.
There is a faded altar of an unknown god here.
You cannot tell which god this altar belongs to.
Convert to them anyway?
Sif Muna accepts your prayer! Sif Muna welcomes you!
You can now call upon Sif Muna for magical energy.
Are you sure you want to abandon this character and quit the game? (Confirm with "yes".)

...>....##.......##.
........#........+..####
........#........#......
........#........#......
........#.<......#.....#
.................#.....#
.......##........#.....##
.......†.†.......#.....'.
.....#)@.#.######.....##
.<. +......# #......# ..
#..⌠#..#####......#
#.....#..†.†.......#...#
#.###.#......###.###.###
#.#.###....#+#.....#
#.#............#.#.#
.....##........#...#
###..##.....♣≈♣###.#


There were no monsters in sight!

Vanquished Creatures
  3 goblins
  3 hobgoblins
  A kobold (D:2)
  2 quokkas
  A ball python (D:2)
  A frilled lizard (D:1)
  2 rats
13 creatures vanquished.

Vanquished Creatures (others)
  A plant (D:2)
1 creature vanquished.

Grand Total: 14 creatures vanquished

Notes
Turn   | Place    | Note
-------+----------+-------------------------------------------
     0 | D:1      | Crownlay the Hill Orc Fighter began the quest for the Orb.
     0 | D:1      | Reached XP level 1. HP: 19/19 MP: 1/1
    36 | D:1      | Reached skill level 3 in Axes
    92 | D:1      | You fall into a shaft and drop 1 floor!
   113 | D:2      | Reached XP level 2. HP: 21/26 MP: 2/2
   229 | D:2      | Found a faded altar of an unknown god.
   257 | D:2      | Reached skill level 4 in Axes
   426 | D:2      | Became a worshipper of Sif Muna the Loreminder
   426 | D:2      | Reached * piety under Sif Muna
   427 | D:2      | Quit the game

Illustrated notes

Levels and vault maps discovered:
D:1:      saegor_arrival_simple_d, layout_loops_cross
D:2:      minmay_skewed_foursquare, layout_basic,
          ebering_ecumenical_altar_abandoned, serial_bayou_lake_a

Skill      XL: |  1  2 |
---------------+-------+-----
Axes           | 3 4 |  4.1
Fighting       | |  3.6
Armour         | |  3.2
Shields        | |  3.2

Action                   || total
-------------------------++-------
Melee: War axe           ||    31
Armor: Scale mail        ||    13
Dodge: Dodged            ||    23
